 Dungeon Crawl Stone Soup version 0.21-a0-434-g806c6c2 (webtiles) character file.

82 Laiders the Shield-Bearer (level 4, -8/35 HPs)
             Began as a Formicid Fighter on Nov 8, 2017.
             Killed from afar by an orc wizard (9 damage)
             ... with a magic dart
             ... on level 2 of the Dungeon.
             The game lasted 00:02:10 (970 turns).

Laiders the Shield-Bearer (Formicid Fighter)         Turns: 970, Time: 00:02:11

Health: -8/35      AC:  6    Str: 27    XL:     4   Next: 70%
Magic:  4/4        EV:  8    Int:  7    God:
Gold:   78         SH: 10    Dex: 10    Spells: 3/3 levels left

rFire    . . .     SeeInvis +   a - +0 flail
rCold    . . .     Gourm    .   c - +0 shield
rNeg     . . .     Faith    .   b - +0 scale mail
rPois    .         Spirit   .   (helmet unavailable)
rElec    .         Reflect  .   (no cloak)
rCorr    .         Harm     .   (no gloves)
MR       .....                  (no boots)
Stlth    ..........             (no amulet)
HPRegen  0.11/turn              (no ring)
MPRegen  0.09/turn              (no ring)

@: mighty
A: permanent stasis, dig shafts and tunnels, four strong arms, antennae 3
a: Dig, Shaft Self


You were on level 2 of the Dungeon.
You were not hungry.

You visited 1 branch of the dungeon, and saw 2 of its levels.

You collected 78 gold pieces.

Inventory:

Hand Weapons
 a - a +0 flail (weapon)
Armour
 b - a +0 scale mail (worn)
 c - a +0 shield (worn)
Jewellery
 m - a +2 ring of protection {unknown}
Scrolls
 e - 2 scrolls of identify {unknown}
 g - a scroll of teleportation {unknown}
 i - a scroll of immolation {unknown}
 j - a scroll of blinking {unknown}
 k - a scroll of random uselessness {unknown}
Comestibles
 f - 2 bread rations
 n - a meat ration


   Skills:
 - Level 3.2 Fighting
 + Level 3.4 Maces & Flails
 - Level 3.2 Armour
 + Level 5.0 Shields


You had 3 spell levels left.
You didn't know any spells.

Dungeon Overview and Level Annotations

Branches:
Dungeon (2/15)

Altars:


Innate Abilities, Weirdness & Mutations

You cannot be hasted, slowed, berserked, paralysed or teleported.
You can dig through walls and to a lower floor.
Your four strong arms can wield two-handed weapons with a shield.
You have a pair of large antennae on your head. (SInv)


Message History

Your stasis prevents you from going berserk.
The orc wizard barely misses you. The orc hits you with a hand axe.
* * * LOW HITPOINT WARNING * * *
You block the orc wizard's attack. The orc wizard closely misses you.
It was a potion of curing.
You feel better.
The orc wizard gestures at you while chanting.
The magic dart hits you!
* * * LOW HITPOINT WARNING * * *
The orc hits you but does no damage.
The orc wizard hits you but does no damage. x2
You sock the orc wizard!
The orc wizard is severely wounded.
The orc wizard casts a spell at you. The magic dart hits you!
* * * LOW HITPOINT WARNING * * *
The orc wizard points at you and mumbles some strange words.
You resist with some effort. You block the orc's attack.
The orc wizard casts a spell at you. The magic dart hits you!
You die...

########### #.........#
#.......$.#
#.........####
.....()......
#......o..########### .#
......o@o...........##.#
#.........#########.##.#
#.........# #..#.#
########### ##.#.#
#####.#.# #.......#
#.......# #........
#......†#


You could see 2 orc wizards and an orc.

Vanquished Creatures
  An orc priest (D:2)
  An adder (D:2)
  2 oozes (D:1)
  2 leopard geckos
  A giant cockroach (D:1)
  5 goblins (D:1)
  9 hobgoblins (D:1)
  4 kobolds (D:1)
  A bat (D:1)
  A frilled lizard (D:1)
  A rat (D:1)
28 creatures vanquished.

Notes
Turn   | Place    | Note
-------+----------+-------------------------------------------
     0 | D:1      | Laiders the Formicid Fighter began the quest for the Orb.
     0 | D:1      | Reached XP level 1. HP: 18/18 MP: 1/1
   134 | D:1      | Reached skill level 4 in Shields
   134 | D:1      | Reached XP level 2. HP: 24/24 MP: 2/2
   218 | D:1      | Reached XP level 3. HP: 25/29 MP: 3/3
   915 | D:2      | Reached XP level 4. HP: 31/35 MP: 4/4
   956 | D:2      | Reached skill level 5 in Shields
   968 | D:2      | HP: 1/35 [orc/hand axe (1)]
   970 | D:2      | Killed from afar by an orc wizard

Vault maps used:
D:1:      dpeg_arrival_rhombus
D:2:      first_bread, uniq_terence

Skill      XL: |  1  2  3  4 |
---------------+-------------+-----
Shields        | 4 5 |  5.0
Maces & Flails | 3 |  3.4
Fighting       | |  3.2
Armour         | |  3.2

Action                   |  1- 3 |  4- 6 || total
-------------------------+-------+-------++-------
Melee: Flail             |   107 |    13 ||   120
  Use: Potion            |       |     3 ||     3
Armor: Scale mail        |    49 |    10 ||    59
Dodge: Dodged            |    34 |     8 ||    42
Block: Shield            |    64 |    18 ||    82

Table legend:
 A = Spawn XP
 B = Non-spawn XP
 C = Spawn XP percentage of total XP
 D = Spawn monster count
 E = Non-spawn monster count
 F = Spawn count percentage of total count
 G = Total turns spent on level
                    A         B        C        D         E        F      G
               +---------+---------+-------+---------+---------+-------+---------
         Total |       0 |     118 |   0.0 |       0 |      28 |   0.0 |   970
               +---------+---------+-------+---------+---------+-------+---------
           D:1 |       0 |      57 |   0.0 |       0 |      25 |   0.0 |   801
           D:2 |       0 |      61 |   0.0 |       0 |       3 |   0.0 |   169
               +---------+---------+-------+---------+---------+-------+---------
